 Dungeon Crawl Stone Soup version 0.31.0-11-ge490571c62 (webtiles) character file.

Game seed: 17945923602927893803

521 Warped the Ruffian (level 7, -2/37 HPs)
             Began as a Vine Stalker Fighter on Jan 27, 2024.
             Was an Initiate of Cheibriados.
             Slain by Duvessa
             ... wielding a +0 rapier
              (7 damage)
             ... on level 4 of the Dungeon.
             The game lasted 00:04:33 (2598 turns).

Warped the Ruffian (Vine Stalker Fighter)           Turns: 2598, Time: 00:04:34

Health: -2/37      AC:  7    Str: 18 (20) XL:     7   Next: 21%
Magic:  0/8        EV:  9    Int:  8 (9)  God:    Cheibriados [......]
Gold:   239        SH:  5    Dex: 14 (16) Spells: 6/6 levels left

rFire   . .          .
                       - Unarmed
rCold   . . .        b - +0 buckler
rNeg    . . .        a - +0 scale mail
rPois   .            d - +0 helmet
rElec   +            (no cloak)
rCorr   .            (no gloves)
SInv    .            (no boots)
Will    .....        (no amulet) Stlth
                     (no ring)
HPRegen 1.06/turn    (no ring)
MPRegen 0.11/turn

%: guardian spirit
@: very slow
A: fangs 2, regeneration 1, magic shield, antimagic bite, no potion heal 2,
electricity resistance, subdued magic 1
a: Renounce Religion


You were on level 4 of the Dungeon.
You worshipped Cheibriados.
Cheibriados was noncommittal.
You visited 2 branches of the dungeon, and saw 5 of its levels.

You collected 239 gold pieces.

Inventory:

Missiles
 p - 17 stones
 r - 7 poisoned darts (quivered)
Armour
 a - a +0 scale mail (worn)
 b - a +0 buckler (worn)
 d - a +0 helmet (worn)
Scrolls
 e - a scroll of noise {unknown}
 f - 5 scrolls of identify
 h - a scroll of enchant armour {unknown}
 i - a scroll of fear
 j - 2 scrolls of enchant weapon
 k - a scroll of immolation
 n - a scroll of teleportation
 o - 2 scrolls of fog
Potions
 m - a potion of degeneration


   Skills:
 - Level 4.1 Fighting
 + Level 2.6 Armour
 + Level 0.7 Dodging
 - Level 4.1 Shields
 * Level 5.5 Unarmed Combat


You had 6 spell levels left.
You didn't know any spells.
Your spell library contained the following spells:

 Spells                   Type           Power      Damage    Failure   Level
 Magic Dart               Conj           0%         1d3       83%         1
 Blink                    Tloc           0%         N/A       93%         2
 Call Imp                 Summ           0%         N/A       93%         2


Dungeon Overview and Level Annotations

Branches:
Dungeon (4/15)             Temple (1/1) D:4

Altars:
Ashenzari
Cheibriados
Dithmenos
Elyvilon
Hepliaklqana
Kikubaaqudgha
Makhleb
Nemelex Xobeh
Okawaru
Qazlal
Ru
Sif Muna
Trog
Uskayaw
Vehumet
Wu Jian
Xom
Yredelemnul
The Shining One

Shops:
D:2 (

Annotations:
D:4 1 runed translucent door, Duvessa


Innate Abilities, Weirdness & Mutations

You have extremely sharp teeth.
Your natural rate of healing is unusually fast.
When hurt, damage is shared between your health and your magic reserves.
Your bite disrupts and absorbs the magic of your enemies.
Potions cannot restore your health.
You are resistant to electric shocks. (rElec)
Your spells are a little easier to cast, but a little less powerful.


Message History

Duvessa hits you with a +0 rapier.
You hit Duvessa but do no damage.
Duvessa is severely wounded.
Duvessa closely misses you. Duvessa hits you with a +0 rapier!
* * * LOW HITPOINT WARNING * * *
Unknown command.
You aren't carrying any items that you can evoke.
Okay, then.
Okay, then.
You closely miss Duvessa. Your bite misses Duvessa.
Duvessa is severely wounded.
Duvessa hits you with a +0 rapier.
* * * LOW HITPOINT WARNING * * *
You barely miss Duvessa. You bite Duvessa. You drain her power.
You feel invigorated.
Duvessa is severely wounded.
You block Duvessa's attack. x2
You hit Duvessa but do no damage. You bite Duvessa, but do no damage.
Duvessa is severely wounded.
Duvessa hits you with a +0 rapier.
* * * LOW HITPOINT WARNING * * *
You hit Duvessa but do no damage. You bite Duvessa, but do no damage.
Duvessa is severely wounded.
Duvessa hits you with a +0 rapier.
* * * LOW HITPOINT WARNING * * *
You hit Duvessa. You bite Duvessa. You drain her power.
You feel invigorated.
Duvessa is severely wounded.
Duvessa hits you with a +0 rapier.
* * * LOW HITPOINT WARNING * * *
Duvessa hits you with a +0 rapier.
* * * LOW HITPOINT WARNING * * *
You punch Duvessa!
Duvessa is almost dead.
Duvessa hits you with a +0 rapier.
* * * LOW HITPOINT WARNING * * *
You hit Duvessa but do no damage. You bite Duvessa. You drain her power.
You feel invigorated.
Duvessa is almost dead.
Duvessa hits you with a +0 rapier!
You die...

### ############ #.. )..........#
#######.# ###.######.###
....#...# #...# #...### ~~~~+...#
#.#.# ###...# ## ....#....
#..##############.## #########
####.#.#.[.#.#.#...###<######..
####...#...#...#@)....##.........
.....#...#.#.#..e#..#.##.######.#
###..#...#.#.#...##..(##.# #.#
..#....#...#...#.........# #.#
#.#..#.#.#...#.#.#......( #.#
..÷..#############....##.# #..
#.÷..#..#.#...####.......# ###
###..............##..###...
.............######..#


You could see Duvessa (berserk, fast).

Vanquished Creatures
  Menkaure (D:4)
  A scorpion (D:4)
  Dowan (D:4)
  A bombardier beetle (D:3)
  An orc priest (D:4)
  A gnoll bouda (D:4)
  Natasha (twice) (D:3)
  6 gnolls
  5 adders
  A dart slug (D:2)
  2 orcs (D:4)
  4 bats
  3 endoplasms
  4 giant cockroaches
  4 goblins
  9 hobgoblins
  3 jackals (D:1)
  A quokka (D:4)
  7 ball pythons
  A frilled lizard (D:2)
  3 kobolds
  6 rats
67 creatures vanquished.

Notes
Turn   | Place    | Note
-------+----------+-------------------------------------------
     0 | D:1      | Warped the Vine Stalker Fighter began the quest for the
                  | Orb.
     0 | D:1      | Reached XP level 1. HP: 11/11 MP: 2/2
   181 | D:1      | Reached XP level 2. HP: 16/16 MP: 3/3
   446 | D:1      | Reached XP level 3. HP: 20/20 MP: 4/4
   699 | D:2      | Found Nafomauta's Antique Weapon Boutique.
   806 | D:2      | Found a basalt altar of Yredelemnul.
   870 | D:2      | Reached skill level 3 in Unarmed Combat
  1015 | D:2      | Reached XP level 4. HP: 16/24 MP: 3/5
  1395 | D:3      | Noticed Natasha
  1398 | D:3      | Killed Natasha
  1425 | D:3      | Reached skill level 4 in Unarmed Combat
  1425 | D:3      | Reached XP level 5. HP: 28/28 MP: 6/6
  1877 | D:3      | Noticed Natasha
  1882 | D:3      | Killed Natasha
  1932 | D:4      | Found a staircase to the Ecumenical Temple.
  1964 | D:4      | Found a runed translucent door.
  1999 | Temple   | Entered the Ecumenical Temple
  2016 | Temple   | Became a worshipper of Cheibriados the Contemplative
  2135 | D:4      | Reached XP level 6. HP: 29/33 MP: 7/7
  2233 | D:4      | Noticed Menkaure
  2242 | D:4      | Killed Menkaure
  2243 | D:4      | Reached skill level 5 in Unarmed Combat
  2354 | D:4      | Gained mutation: You are resistant to electric shocks.
                  | (rElec) [potion of mutation]
  2354 | D:4      | Gained mutation: Your spells are a little easier to cast,
                  | but a little less powerful. [potion of mutation]
  2372 | D:4      | Reached XP level 7. HP: 15/37 MP: 2/8
  2444 | D:4      | Identified the +1 short sword of the Girdle {pain, rC++
                  | rN+}
  2498 | D:4      | Noticed Duvessa
  2498 | D:4      | Noticed Dowan
  2587 | D:4      | Killed Dowan
  2598 | D:4      | Slain by Duvessa

Illustrated notes

Levels and vault maps discovered:
D:1:      lemuel_arrival_broad_hall, layout_basic,
          hangedman_abyss_or_decor_lesser_grid
D:2:      layout_loops_ring, serial_shops, nicolae_shop_tiny_statue_garden,
          basic_altar
D:3:      layout_basic, uniq_natasha
D:4:      layout_basic, minmay_temple_entry_statues,
          ebering_ghost_reflecting_pool, minmay_misc_feat_alley,
          uniq_crazy_yiuf_cottage, uniq_menkaure, uniq_duvessa
Temple:   compressed_dpeg_triangle_lava_temple

Skill      XL: |  1  2  3  4  5  6 |
---------------+-------------------+-----
Fighting       | 3 4 |  4.1
Shields        | 3 4 |  4.1
Unarmed Combat | 3 4 5 |  5.5
Armour         | |  2.6
Dodging        | |  0.7

Action                     |  1- 3 |  4- 6 |  7- 9 || total
---------------------------+-------+-------+-------++-------
  Melee: Unarmed           |   102 |   101 |    37 ||   240
         Bite              |    23 |    30 |    15 ||    68
  Throw: Dart              |       |       |     3 ||     3
    Use: Potion            |       |     7 |       ||     7
         Scroll            |       |     3 |     3 ||     6
 Armour: Scale mail        |    55 |    62 |    31 ||   148
  Dodge: Dodged            |    44 |    38 |     9 ||    91
  Block: Buckler           |    22 |    19 |     9 ||    50
